LNP
AGUAS BUENAS MULOS @ OROCOVIS CACIQUES
09/28/1903
 
TOP OF THE 1ST
Aguas Buenas Mulos batting - Pitching for Orocovis Caciques : RHP George Church
Pitching: RHP George Church
Batting: SHB Pascual Ortiz 0-0: Called Strike
0-1: Called Strike
0-2: Ground out 4-3 (Groundball, 4, EV 140 KM/H)
Batting: LHB Tom Cardinal 0-0: Called Strike
0-1: Foul Ball, location: 7LSF
0-2: Foul Ball, location: 2F
0-2: Ball
1-2: Fly out, F7 (Line Drive, 7, EV 148 KM/H)
Batting: RHB Eumeo Gutiérrez 0-0: Ball
1-0: SINGLE (Groundball, 3D, EV 171 KM/H)
Batting: RHB Morgan Staff 0-0: Called Strike
Eumeo Gutiérrez steals 2nd base
0-1: Ball
1-1: SINGLE (Groundball, 34D, EV 151 KM/H)
Eumeo Gutiérrez to third
Throwing error, E9
Eumeo Gutiérrez scores
Morgan Staff to second
Batting: RHB Odiseo Altamirano 0-0: Swinging Strike
0-1: Ball
1-1: Ground out 6-3 (Groundball, 6, EV 127 KM/H)
Top of the 1st over - 1 run, 2 hits, 1 error, 1 left on base; Aguas Buenas 1 - Orocovis 0
BOTTOM OF THE 1ST
Orocovis Caciques batting - Pitching for Aguas Buenas Mulos : RHP Manuel Cortés
Pitching: RHP Manuel Cortés
Batting: LHB Esteban Sandi 0-0: Ball
1-0: Called Strike
1-1: Ball
2-1: Fly out, F4 (Popup, 34D, EV 89 KM/H)
Batting: RHB Adelmo Tello 0-0: Swinging Strike
0-1: Ball
1-1: Called Strike
1-2: Strikes out swinging
Batting: RHB Daniel Quintero 0-0: Ball
1-0: Called Strike
1-1: Ground out U3 (Groundball, 3S, EV 139 KM/H)
Bottom of the 1st over - 0 runs, 0 hits, 0 errors, 0 left on base; Aguas Buenas 1 - Orocovis 0
TOP OF THE 2ND
Aguas Buenas Mulos batting - Pitching for Orocovis Caciques : RHP George Church
Batting: SHB Esteban Tirado 0-0: Ball
1-0: Called Strike
1-1: Ball
2-1: Ball
3-1: Called Strike
3-2: DOUBLE (Groundball, 5L, EV 174 KM/H)
Batting: RHB Pío Corona 0-0: Called Strike
0-1: Foul Ball, location: 2F
0-2: Ball
1-2: Ball
2-2: SINGLE (Line Drive, 4D, EV 177 KM/H)
Esteban Tirado to third
Runner from 3rd tries for Home, SAFE, throw by RF to home
Batting: SHB Vidal Castañón 0-0: Ball
1-0: Swinging Strike
1-1: Ball
2-1: Sac Bunt to P - play at first, batter safe!
Pío Corona to second
Batting: RHB Esquilo Chávez 0-0: Bunted foul
0-1: Sac Bunt to 15S - play at first, batter OUT! 1-4
Pío Corona to third
Vidal Castañón to second
Batting: SHB Pascual Ortiz 0-0: Ball
1-0: Called Strike
1-1: Ball
2-1: Ground out 6-3 (Groundball, 6S, EV 122 KM/H)
Pío Corona scores
Vidal Castañón to third
Batting: LHB Tom Cardinal 0-0: Fly out, F6 (Line Drive, 6, EV 103 KM/H)
Top of the 2nd over - 2 runs, 3 hits, 0 errors, 1 left on base; Aguas Buenas 3 - Orocovis 0
BOTTOM OF THE 2ND
Orocovis Caciques batting - Pitching for Aguas Buenas Mulos : RHP Manuel Cortés
Batting: LHB Roberto Rivera 0-0: Ball
1-0: Ground out 5-3 (Groundball, 5, EV 148 KM/H)
Batting: RHB Jorge Telles 0-0: Ground out 4-3 (Groundball, 34, EV 136 KM/H)
Batting: LHB Fidel Aguilar 0-0: Foul Ball, location: 7LMF
0-1: SINGLE (Flyball, 4D, EV 141 KM/H)
Batting: RHB Valerio Barajas 0-0: Swinging Strike
0-1: Ball
1-1: Ball
2-1: SINGLE (Line Drive, 56, EV 163 KM/H)
Fidel Aguilar to second
Batting: RHB Daniel Barajas 0-0: Ball
1-0: Reached on error, E6 (Groundball, 6, EV 136 KM/H)
Fidel Aguilar to third
Valerio Barajas to second
Batting: RHB Miguel del Carmen 0-0: Called Strike
0-1: Called Strike
0-2: Strikes out looking
Bottom of the 2nd over - 0 runs, 2 hits, 1 error, 3 left on base; Aguas Buenas 3 - Orocovis 0
TOP OF THE 3RD
Aguas Buenas Mulos batting - Pitching for Orocovis Caciques : RHP George Church
Batting: RHB Eumeo Gutiérrez 0-0: Ball
1-0: Foul Ball, location: 9LSF
1-1: Foul Ball, location: 5FF
1-2: Ball
2-2: Foul Ball, location: 3DF
2-2: Ball
3-2: Fly out, F7 (Line Drive, 7, EV 142 KM/H)
Batting: RHB Morgan Staff 0-0: Ball
1-0: Called Strike
1-1: TRIPLE (Flyball, 7D, EV 162 KM/H)
Batting: RHB Odiseo Altamirano 0-0: Ball
1-0: Ball
2-0: Foul Ball, location: 2F
2-1: Foul Ball, location: 25F
2-2: Fly out, F8 (Flyball, 8RD, EV 175 KM/H)
Runner from 3rd tags up, SCORES, no throw by CF
Batting: SHB Esteban Tirado 0-0: Called Strike
0-1: Ball
1-1: Ball
2-1: SINGLE (Groundball, P, EV 128 KM/H) (infield hit)
Batting: RHB Pío Corona 0-0: Ball
Esteban Tirado steals 2nd base
1-0: Ball
2-0: Ball
3-0: Base on Balls
Batting: SHB Vidal Castañón 0-0: Called Strike
0-1: Ground out 4-3 (Groundball, 34D, EV 135 KM/H)
Top of the 3rd over - 1 run, 2 hits, 0 errors, 2 left on base; Aguas Buenas 4 - Orocovis 0
BOTTOM OF THE 3RD
Orocovis Caciques batting - Pitching for Aguas Buenas Mulos : RHP Manuel Cortés
Batting: LHB Esteban Sandi 0-0: Foul Ball, location: 3DF
0-1: Fly out, F7 (Flyball, 78M, EV 146 KM/H)
Batting: RHB Adelmo Tello 0-0: Ball
1-0: Ball
2-0: Ball
3-0: Called Strike
3-1: Foul Ball, location: 3DF
3-2: Strikes out swinging
Batting: RHB Daniel Quintero 0-0: Called Strike
0-1: TRIPLE (Flyball, 89XD, EV 145 KM/H)
Batting: LHB Roberto Rivera 0-0: Ball
1-0: Ball
2-0: DOUBLE (Flyball, 8LXD, EV 165 KM/H)
Daniel Quintero scores
Batting: RHB Jorge Telles 0-0: Ball
1-0: Ball
2-0: Ball
3-0: Base on Balls
Batting: LHB Fidel Aguilar 0-0: Ball
1-0: Foul Ball, location: 2F
1-1: Called Strike
1-2: 3-RUN HOME RUN (Flyball, 8RXD, EV 143 KM/H) (Inside the Park)
Batting: RHB Valerio Barajas 0-0: Called Strike
0-1: Ball
1-1: Ball
2-1: Swinging Strike
2-2: Ball
3-2: Foul Ball, location: 2F
3-2: Base on Balls
Batting: RHB Daniel Barajas 0-0: Called Strike
0-1: Ball
1-1: Fly out, F9 (Line Drive, 9, EV 146 KM/H)
Bottom of the 3rd over - 4 runs, 3 hits, 0 errors, 1 left on base; Aguas Buenas 4 - Orocovis 4
TOP OF THE 4TH
Aguas Buenas Mulos batting - Pitching for Orocovis Caciques : RHP George Church
Batting: RHB Esquilo Chávez 0-0: Ball
1-0: Foul Ball, location: 25FF
1-1: Foul Ball, location: 2F
1-2: Ball
2-2: Fly out, F8 (Flyball, 8LS, EV 144 KM/H)
Batting: SHB Pascual Ortiz 0-0: Ball
1-0: Ball
2-0: Called Strike
2-1: Swinging Strike
2-2: SINGLE (Line Drive, 78S, EV 170 KM/H)
Batting: LHB Tom Cardinal 0-0: Called Strike
0-1: Ball
1-1: Fly out, F7 (Flyball, 7, EV 151 KM/H)
Batting: RHB Eumeo Gutiérrez 0-0: Foul Ball, location: 9LDF
0-1: Ball
1-1: Ball
Pascual Ortiz steals 2nd base
2-1: Ball
3-1: Foul Ball, location: 2F
3-2: Ground out 6-3 (Groundball, 6M, EV 129 KM/H)
Top of the 4th over - 0 runs, 1 hit, 0 errors, 1 left on base; Aguas Buenas 4 - Orocovis 4
BOTTOM OF THE 4TH
Orocovis Caciques batting - Pitching for Aguas Buenas Mulos : RHP Manuel Cortés
Batting: RHB Miguel del Carmen 0-0: Fly out, F5 (Popup, 56, EV 97 KM/H)
Batting: LHB Esteban Sandi 0-0: Ground out 3-1 (Groundball, 34S, EV 151 KM/H)
Batting: RHB Adelmo Tello 0-0: Ball
1-0: Called Strike
1-1: Called Strike
1-2: Ball
2-2: Fly out, F7 (Line Drive, 78D, EV 146 KM/H)
Bottom of the 4th over - 0 runs, 0 hits, 0 errors, 0 left on base; Aguas Buenas 4 - Orocovis 4
TOP OF THE 5TH
Aguas Buenas Mulos batting - Pitching for Orocovis Caciques : RHP George Church
Batting: RHB Morgan Staff 0-0: Ball
1-0: Foul Ball, location: 2F
1-1: Ball
2-1: Swinging Strike
2-2: Ball
3-2: DOUBLE (Line Drive, 8LXD, EV 169 KM/H)
Batting: RHB Odiseo Altamirano 0-0: Ball
1-0: Ball
2-0: Called Strike
2-1: Ball
3-1: Base on Balls
Batting: SHB Esteban Tirado 0-0: Ball
1-0: Bunt missed!
1-1: Bunt - Flyout to 3S! F3
Batting: RHB Pío Corona 0-0: Ball
1-0: Foul Ball, location: 9LMF
1-1: Ball
2-1: Foul Ball, location: 9LDF
2-2: Foul Ball, location: 2F
2-2: Foul Ball, location: 3SF
2-2: Ball
3-2: Reached on error, E5 (Groundball, 56S, EV 146 KM/H)
Morgan Staff to third
Odiseo Altamirano to second
Batting: SHB Vidal Castañón 0-0: Ball
1-0: Grounds into fielders choice 6-2 (Groundball, 6, EV 154 KM/H)
Odiseo Altamirano to third
Pío Corona to second
Batting: RHB Esquilo Chávez 0-0: Ball
1-0: Called Strike
1-1: Ball
2-1: Foul Ball, location: 9LSF
2-2: Foul Ball, location: 2F
2-2: Ball
3-2: Fly out, F8 (Flyball, 8RD, EV 146 KM/H)
Top of the 5th over - 0 runs, 1 hit, 1 error, 3 left on base; Aguas Buenas 4 - Orocovis 4
BOTTOM OF THE 5TH
Orocovis Caciques batting - Pitching for Aguas Buenas Mulos : RHP Manuel Cortés
Batting: RHB Daniel Quintero 0-0: Called Strike
0-1: Ball
1-1: Ball
2-1: Fly out, F4 (Popup, 4, EV 115 KM/H)
Batting: LHB Roberto Rivera 0-0: Called Strike
0-1: Swinging Strike
0-2: Ball
1-2: SINGLE (Line Drive, 56D, EV 169 KM/H)
Batting: RHB Jorge Telles 0-0: Called Strike
0-1: Grounds into double play, 4-6-3 (Groundball, 34, EV 155 KM/H)
Bottom of the 5th over - 0 runs, 1 hit, 0 errors, 0 left on base; Aguas Buenas 4 - Orocovis 4
TOP OF THE 6TH
Aguas Buenas Mulos batting - Pitching for Orocovis Caciques : RHP George Church
Batting: SHB Pascual Ortiz 0-0: Called Strike
0-1: Foul Ball, location: 3FF
0-2: Hit by Pitch
Batting: LHB Tom Cardinal 0-0: Ball
Pascual Ortiz steals 2nd base
1-0: Ground out 4-3 (Groundball, 4MS, EV 125 KM/H)
Pascual Ortiz to third
Batting: RHB Eumeo Gutiérrez 0-0: Ball
1-0: Ball
2-0: Swinging Strike
2-1: Swinging Strike
2-2: Foul Ball, location: 2F
2-2: TRIPLE (Flyball, 7LD, EV 149 KM/H)
Pascual Ortiz scores
Batting: RHB Morgan Staff 0-0: Ball
1-0: Ball
2-0: Ball
3-0: Base on Balls
Batting: RHB Odiseo Altamirano 0-0: Ball
1-0: Foul Ball, location: 3SF
1-1: Swinging Strike
1-2: Ball
2-2: Ball
3-2: Grounds into double play, 4-6-3 (Groundball, 4, EV 140 KM/H)
Top of the 6th over - 1 run, 1 hit, 0 errors, 1 left on base; Aguas Buenas 5 - Orocovis 4
BOTTOM OF THE 6TH
Orocovis Caciques batting - Pitching for Aguas Buenas Mulos : RHP Manuel Cortés
Batting: LHB Fidel Aguilar 0-0: Reached on error, E3 (Groundball, 23, EV 70 KM/H)
Batting: RHB Valerio Barajas 0-0: Sac Bunt to 13S - play at first, batter OUT! 1-3
Fidel Aguilar to second
Batting: RHB Daniel Barajas 0-0: Fly out, F8 (Flyball, 8RD, EV 168 KM/H)
Batting: RHB Miguel del Carmen 0-0: Swinging Strike
0-1: Fly out, F9 (Flyball, 9LSF, EV 158 KM/H)
Bottom of the 6th over - 0 runs, 0 hits, 1 error, 1 left on base; Aguas Buenas 5 - Orocovis 4
TOP OF THE 7TH
Aguas Buenas Mulos batting - Pitching for Orocovis Caciques : RHP George Church
Batting: SHB Esteban Tirado 0-0: Called Strike
0-1: SINGLE (Line Drive, 56D, EV 153 KM/H)
Batting: RHB Pío Corona 0-0: Ball
1-0: Called Strike
1-1: Foul Ball, location: 9LDF
1-2: Fly out, F8 (Line Drive, 8RD, EV 150 KM/H)
Batting: SHB Vidal Castañón 0-0: Called Strike
Esteban Tirado steals 2nd base
0-1: Ball
1-1: Ball
2-1: Ball
3-1: Base on Balls
Batting: RHB Esquilo Chávez 0-0: Ball
1-0: Foul Ball, location: 2LF
1-1: Foul Ball, location: 2F
1-2: Foul Ball, location: 9LMF
1-2: Reached on error, E5 (Groundball, 56, EV 164 KM/H)
Esteban Tirado to third
Vidal Castañón to second
Batting: SHB Pascual Ortiz 0-0: Ball
1-0: Fly out, F9 (Flyball, 9LSF, EV 132 KM/H)
Batting: LHB Tom Cardinal 0-0: Ground out 4-3 (Groundball, 4S, EV 130 KM/H)
Top of the 7th over - 0 runs, 1 hit, 1 error, 3 left on base; Aguas Buenas 5 - Orocovis 4
BOTTOM OF THE 7TH
Orocovis Caciques batting - Pitching for Aguas Buenas Mulos : RHP Manuel Cortés
Batting: LHB Esteban Sandi 0-0: TRIPLE (Line Drive, 8LXD, EV 179 KM/H)
Pinch Hitting: LHB Teócrito Sotelo 0-0: Swinging Strike
0-1: Called Strike
0-2: Foul Ball, location: 7LMF
0-2: Ball
1-2: Strikes out swinging
Batting: LHB Oscar Ramírez 0-0: Foul Ball, location: 2F
0-1: Ball
1-1: Ball
2-1: Ball
3-1: Called Strike
3-2: SINGLE (Line Drive, 8RS, EV 160 KM/H)
Esteban Sandi scores
Batting: LHB Roberto Rivera 0-0: Ball
1-0: Called Strike
1-1: Ball
2-1: SINGLE (Flyball, 3D, EV 155 KM/H)
Oscar Ramírez to second
Batting: RHB Jorge Telles 0-0: Ball
1-0: Fly out, F8 (Line Drive, 8LD, EV 142 KM/H)
Batting: LHB Fidel Aguilar 0-0: Ball
1-0: Ball
2-0: Ball
3-0: Called Strike
3-1: Base on Balls
Oscar Ramírez to third
Roberto Rivera to second
Batting: RHB Valerio Barajas 0-0: Ball
1-0: Ball
2-0: Ball
3-0: Base on Balls
Oscar Ramírez scores
Roberto Rivera to third
Fidel Aguilar to second
Batting: RHB Daniel Barajas 0-0: Ground out U3 (Groundball, 23, EV 130 KM/H)
Bottom of the 7th over - 2 runs, 3 hits, 0 errors, 3 left on base; Aguas Buenas 5 - Orocovis 6
TOP OF THE 8TH
Aguas Buenas Mulos batting - Pitching for Orocovis Caciques : RHP George Church
Now at 1B: Heliodoro Montilla
Batting: RHB Eumeo Gutiérrez 0-0: Ball
1-0: Called Strike
1-1: Ball
2-1: Bunt missed!
2-2: Fly out, F9 (Flyball, 89M, EV 151 KM/H)
Batting: RHB Morgan Staff 0-0: Ball
1-0: Ground out 4-3 (Groundball, 4, EV 170 KM/H)
Batting: RHB Odiseo Altamirano 0-0: Foul Ball, location: 5F
0-1: Ball
1-1: Foul Ball, location: 9LDF
1-2: Ground out 4-3 (Groundball, 34, EV 138 KM/H)
Top of the 8th over - 0 runs, 0 hits, 0 errors, 0 left on base; Aguas Buenas 5 - Orocovis 6
BOTTOM OF THE 8TH
Orocovis Caciques batting - Pitching for Aguas Buenas Mulos : RHP Manuel Cortés
Batting: RHB Miguel del Carmen 0-0: Fly out, F8 (Flyball, 8LD, EV 129 KM/H)
Batting: LHB Esteban Sandi 0-0: Called Strike
0-1: Ball
1-1: Foul Ball, location: 9LMFF
1-2: Ground out 4-3 (Groundball, 4, EV 164 KM/H)
Batting: RHB Heliodoro Montilla 0-0: Ball
1-0: SINGLE (Flyball, 3D, EV 150 KM/H)
Batting: LHB Oscar Ramírez 0-0: Ball
1-0: Called Strike
1-1: Foul Ball, location: 3F
1-2: Foul Ball, location: 23F
1-2: Ball
2-2: Foul Ball, location: 5FF
2-2: Foul Ball, location: 5SF
2-2: Strikes out swinging
Bottom of the 8th over - 0 runs, 1 hit, 0 errors, 1 left on base; Aguas Buenas 5 - Orocovis 6
TOP OF THE 9TH
Aguas Buenas Mulos batting - Pitching for Orocovis Caciques : RHP George Church
Now in LF: Premislao Rodriques
Batting: SHB Esteban Tirado 0-0: Called Strike
0-1: Ground out 6-3 (Groundball, 56, EV 173 KM/H)
Batting: RHB Pío Corona 0-0: Ball
1-0: Called Strike
1-1: Fly out, F9 (Line Drive, 9, EV 168 KM/H)
Pinch Hitting: RHB Abelardo Pedroza 0-0: Ball
1-0: Fly out, F9 (Flyball, 89S, EV 144 KM/H)
Top of the 9th over - 0 runs, 0 hits, 0 errors, 0 left on base; Aguas Buenas 5 - Orocovis 6
Saturday, April 27th , 2024 - OOTP Baseball 25.3 Build 58